cohdb
Replays
Latest Replays
All Replays
Popular Replays
Top Player Replays
Match Explorer
How It Works
Community
CoH3 Stats
Reddit
Sign in to upload your games and track your stats! →
Sign in with Steam
Match 41375891
Unlisted
Match 41375891
Overview
Messages
Build Orders
End
Construct Barracks
Engineer Squad
Riflemen Squad
Riflemen Squad
Scout Squad
Riflemen Squad
Grenade Package
Construct Medical Station
Infantry Support Center
Selects Airborne Battlegroup
Selects Airborne Battlegroup
Selects Heavy Machine Gun Paradrop
Selects Paratrooper Squad Paradrop
Selects Anti-tank Gun Team Paradrop
Anti-tank Gun Team Paradrop
Heavy Machine Gun Paradrop
Construct Motor Pool
M24 Chaffee Light Tank
Engineer Squad
M24 Chaffee Light Tank
Heavy Machine Gun Paradrop
XuZhongwei
BIOHAZARD
0
0
Comments
sign in to comment!
No comments posted yet!